 Dungeon Crawl Stone Soup version 0.30.0-30-g96aa6591b8 (webtiles) character file.

Game seed: 6204333966838911768

1460 Ayven the Cleaver (level 8, -2/70 HPs)
             Began as a Hill Orc Fighter on June 28, 2023.
             Was an Initiate of Ru.
             Slain by an ice beast (11 damage)
             ... on level 8 of the Dungeon.
             The game lasted 00:20:54 (4956 turns).

Ayven the Cleaver (Hill Orc Fighter)                Turns: 4956, Time: 00:20:54

Health: -2/70      AC:  1    Str: 19      XL:     8   Next: 76%
Magic:  8/8        EV: 10    Int:  7 (8)  God:    Ru [......]
Gold:   502        SH:  0    Dex: 12      Spells: 7/7 levels left

rFire   . . .        v - +2 halberd (venom)
rCold   . . .        (shield currently unavailable)
rNeg    . . .        i - +0 ring mail "Becwy" {rPois rCorr}
rPois   +            (no helmet)
rElec   .            (no cloak)
rCorr   +            q - +0 pair of gloves
SInv    .            (no boots)
Will    .....        (no amulet)
Stlth   +            (no ring)
HPRegen 0.31/turn    (no ring)
MPRegen 0.11/turn

%: no passive effects
@: about to teleport, corroded
A: claws 1, iridescent scales 1
a: Renounce Religion


You were on level 8 of the Dungeon.
You worshipped Ru.
Ru was noncommittal.
You visited 1 branch of the dungeon, and saw 7 of its levels.

You collected 1003 gold pieces.
You spent 412 gold pieces at shops.
You donated 89 gold pieces to Zin.

Inventory:

Hand Weapons
 a - a +1 war axe
 r - a +0 dagger
 v - a +2 halberd of venom (weapon)
Armour
 b - a +0 scale mail
 c - a +0 buckler
 i - the +0 ring mail "Becwy" (worn) {rPois rCorr}
   (You bought it in a shop on level 3 of the Dungeon)

   rPois:     It protects you from poison.
   rCorr:     It protects you from acid and corrosion.
 j - an orb of light
 q - a +0 pair of gloves (worn)
Wands
 n - a wand of quicksilver (11)
 s - a wand of charming (11)
Scrolls
 e - a scroll of noise
 g - 3 scrolls of identify
 l - a scroll of amnesia {unknown}
 m - a scroll of enchant weapon
 p - a scroll of silence {unknown}
 t - a scroll of immolation {unknown}
 u - 2 scrolls of magic mapping {unknown}
Potions
 d - a potion of might
 f - a potion of invisibility
 h - a potion of heal wounds
 k - a potion of mutation


   Skills:
 + Level 6.0 Fighting
 - Level 10.8(11.0) Axes
 * Level 1.8(6.0) Maces & Flails
 - Level 6.0 Armour
 - Level 0.9 Dodging
 - Level 3.6 Shields


You had 7 spell levels left.
You didn't know any spells.
Your spell library contained the following spells:

 Spells                   Type           Power      Damage    Failure   Level
 Freeze                   Ice            0%         1d3       58%         1
 Frozen Ramparts          Ice            0%         1d1       92%         3
 Hailstorm                Conj/Ice       0%         3d3       92%         3
 Manifold Assault         Tloc           0%         N/A       100%        4
 Dispersal                Tloc           0%         N/A       100%        6
 Disjunction              Tloc           0%         N/A       100%        8


Dungeon Overview and Level Annotations

Branches:
Dungeon (6/15)
 Temple: D:4-7

Altars:
Gozag
Hepliaklqana
Ru
Sif Muna
Vehumet
Zin

Shops:
D:3 [   D:4 (


Innate Abilities, Weirdness & Mutations

You have sharp fingernails.
You are partially covered in iridescent scales. (AC +2)


Message History

Your surroundings suddenly seem different.
A sleepcap, a bullfrog and an ice beast come into view.
Found six items.
Found a stone staircase leading down.
The bullfrog croaks.
The bullfrog closely misses you. The bullfrog attacks as you move away!
The bullfrog barely misses you.
An acid dragon comes into view.
The acid dragon roars!
The acid dragon spits acid at you. The splash of acid hits you! You resist.
The acid corrodes you!
You see here a scroll labelled LYJ ASIUPHUHES.
You slash the bullfrog!
The bullfrog is poisoned.
The bullfrog is moderately wounded.
The bullfrog barely misses you. The bullfrog closely misses you.
You puncture the bullfrog!
The bullfrog looks as sick as possible!
The bullfrog is almost dead.
You kill the bullfrog!
The acid dragon spits acid at you. The splash of acid hits you! You resist.
The sleepcap releases spores at you but does no damage.
You hear a shout!
Your Fighting skill increases to level 6!
A centaur comes into view.
The sleepcap misses you.
You closely miss the ice beast. The ice beast hits you.
The ice beast freezes you! The acid dragon spits acid at you.
The splash of acid hits you. You resist. The acid corrodes you!
The sleepcap releases spores at you.
You are engulfed in a cloud of soporific spores!
You fall asleep.
The ice beast hits you.
You wake up.
The ice beast freezes you!
* * * LOW HITPOINT WARNING * * *
The sleepcap releases spores at you.
* * * LOW HITPOINT WARNING * * *
As you read the scroll of teleportation, it crumbles to dust.
You feel strangely unstable. The ice beast hits you.
* * * LOW HITPOINT WARNING * * *
The ice beast freezes you!
You die...

#.###.......
#..#........
#..#........
#...........
#...........
#..........>
#...........
#...c.......
#@Y.........
#?f.........
#.......#......
....!....#..#.....
###......###.(....
#...D..# #..?..
#....!..# ##)##
#.......#
#......##


You could see an acid dragon, an ice beast, a sleepcap and a centaur.

Vanquished Creatures
  Sigmund (D:2)
  Menkaure (D:4)
  An ice beast (D:5)
  A black bear (D:5)
  An ogre (D:5)
  3 phantoms
  A bullfrog (D:8)
  3 scorpions
  A howler monkey (D:4)
  A jelly (D:5)
  5 hounds
  A sleepcap (D:5)
  Ijyb (D:5)
  An iguana (D:4)
  8 adders
  2 ufetubi
  A worm (D:5)
  A dart slug (D:2)
  6 orcs
  4 bats
  4 endoplasms
  5 giant cockroaches
  10 goblins
  11 hobgoblins
  8 kobolds
  4 quokkas
  5 ball pythons
  A frilled lizard (D:2)
  2 rats
94 creatures vanquished.

Notes
Turn   | Place    | Note
-------+----------+-------------------------------------------
     0 | D:1      | Ayven the Hill Orc Fighter began the quest for the Orb.
     0 | D:1      | Reached XP level 1. HP: 19/19 MP: 1/1
   216 | D:1      | Reached XP level 2. HP: 24/27 MP: 2/2
   353 | D:1      | Reached skill level 3 in Axes
   513 | D:1      | Reached XP level 3. HP: 32/33 MP: 3/3
  1005 | D:2      | Noticed Sigmund
  1081 | D:3      | Reached skill level 4 in Axes
  1081 | D:3      | Reached XP level 4. HP: 20/40 MP: 4/4
  1206 | D:3      | Gained mutation: Your spells are a little easier to cast,
                  | but a little less powerful. [potion of mutation]
  1206 | D:3      | Gained mutation: You are clumsy. (Dex -2) [potion of
                  | mutation]
  1353 | D:3      | Found Qutrut's Armour Boutique.
  1932 | D:2      | Killed Sigmund
  1933 | D:2      | Reached skill level 6 in Axes
  1933 | D:2      | Reached XP level 5. HP: 24/47 MP: 5/5
  1933 | D:2      | Reached XP level 6. HP: 27/53 MP: 6/6
  2183 | D:2      | Found a faded altar of an unknown god.
  2199 | D:2      | Prayed at the altar of an unknown god.
  2199 | D:2      | Became a worshipper of Zin the Law-Giver
  2199 | D:2      | Reached * piety under Zin
  2199 | D:2      | Reached ** piety under Zin
  2200 | D:2      | Donated 64 gold pieces to Zin
  2568 | D:4      | HP: 2/53 [iguana (2)]
  2795 | D:4      | Reached skill level 7 in Axes
  2828 | D:4      | Reached *** piety under Zin
  2885 | D:4      | Reached XP level 7. HP: 45/60 MP: 7/7
  2888 | D:4      | Reached skill level 5 in Armour
  3042 | D:4      | Found Foihablu's Weapon Shoppe.
  3063 | D:4      | Reached skill level 8 in Axes
  3066 | D:4      | Lost mutation: Your spells are a little easier to cast, but
                  | a little less powerful. [potion of mutation]
  3066 | D:4      | Lost mutation: You are clumsy. (Dex -2) [potion of
                  | mutation]
  3066 | D:4      | Gained mutation: You are partially covered in iridescent
                  | scales. (AC +2) [potion of mutation]
  3066 | D:4      | Gained mutation: You have sharp fingernails. [potion of
                  | mutation]
  3115 | D:4      | Noticed Menkaure
  3121 | D:4      | Killed Menkaure
  3122 | D:4      | Reached skill level 5 in Fighting
  3184 | D:4      | Found a shimmering blue altar of Sif Muna.
  3191 | D:4      | Found a hazy altar of Hepliaklqana.
  3323 | D:5      | Entered Level 5 of the Dungeon
  3410 | D:5      | Reached skill level 9 in Axes
  3410 | D:5      | Reached XP level 8. HP: 60/68 MP: 8/8
  3630 | D:5      | Reached skill level 10 in Axes
  3730 | D:5      | Found a sacrificial altar of Ru.
  3739 | D:5      | Fell from the grace of Zin
  3739 | D:5      | Became a worshipper of Ru the Awakened
  3955 | D:5      | Noticed Ijyb
  3967 | D:5      | Killed Ijyb
  4052 | D:5      | Found an opulent altar of Gozag.
  4384 | D:4      | Identified a scroll of acquirement
  4384 | D:4      | Acquired 693 gold pieces
  4462 | D:3      | Bought the +0 ring mail "Becwy" {rPois rCorr} for 228 gold
                  | pieces
  4664 | D:4      | Bought a +2 halberd of venom for 184 gold pieces
  4813 | D:6      | Reached skill level 1 in Maces & Flails
  4869 | D:6      | Found a radiant altar of Vehumet.
  4916 | D:6      | You fall into a shaft and drop 2 floors!
  4956 | D:8      | Slain by an ice beast

Illustrated notes

Levels and vault maps discovered:
D:1:      onia_arrival_mini_spirals, layout_basic, corexii_corridor_pit,
          minmay_pentomino_z4
D:2:      layout_basic, shapermc_ecumenical_altar_pompeii, uniq_sigmund
D:3:      layout_loops_cross, serial_shops, shop_fountains
D:4:      layout_rooms, grunt_temple_overflow_open, serial_shops, shop_statue,
          uniq_menkaure
D:5:      layout_rooms, nicolae_ru_path_of_blood, nicolae_gozag_seed_capital,
          st_stairs_9, uniq_ijyb
D:6:      layout_loops_ring, mainiacjoe_overflow_small_starburst,
          nicolae_shop_self_help
D:8:      wad_woods_minihive, layout_cave_pods, kennysheep_slug_shrine,
          mainiacjoe_overflow_swirl, uniq_maurice

Skill      XL: |  1  2  3  4  5  6  7  8 |
---------------+-------------------------+-----
Fighting       | 4 5 6 |  6.0
Axes           | 3 4 6 7 9 10 | 10.8
Armour         | 4 5 6 |  6.0
Maces & Flails | 1 |  1.8
Dodging        | |  0.9
Shields        | |  3.6

Action                     |  1- 3 |  4- 6 |  7- 9 || total
---------------------------+-------+-------+-------++-------
  Melee: War axe           |   103 |    93 |   118 ||   314
         Halberd           |       |       |    14 ||    14
 Invoke: Donate Gold       |       |     1 |       ||     1
    Use: Scroll            |       |     5 |     2 ||     7
         Potion            |       |     3 |     9 ||    12
 Armour: Scale mail        |    63 |    32 |    43 ||   138
         Ring mail         |       |       |     4 ||     4
  Dodge: Dodged            |    77 |    52 |    64 ||   193
  Block: Buckler           |    33 |    14 |    16 ||    63
